Map: Ascension to Aiur LE

Players

UpATree

  • Race: Terran Terran
  • League: Master
  • Spawn Location: 5:00

TERRAN - Winner!

  • Race: Protoss Protoss
  • League: Diamond
  • Spawn Location: 11:00

VOD

Have the link to the VOD?

Description

Time

  • Played on: June 20, 2017, 1:35 a.m.
  • Length: 22:11
Show
View Real Time Build Order
Export as new Build Order

UpATree Terran 

Build Orders:  

Get SALT Encoding   

  12  0:01  SCV  
  13  0:13  SCV  
  14  0:18  Supply Depot  
  14  0:25  SCV  
  15  0:34  Refinery  
  15  0:39  SCV  
  16  0:49  Barracks  
  16  0:52  SCV  
  17  1:04  SCV  
  18  1:18  Barracks  
  18  1:21  SCV  
  19  1:34  SCV  
  19  1:38  Marine  
  21  1:40  Bunker  
  21  1:57  Orbital Command  
  21  2:04  Marine  
  21  2:05  Marine  
  18  2:22  Marine  
  18  2:28  Orbital Command  
  14  2:50  Marine  
  9  3:09  SCV  
  10  3:21  Marine  
  11  3:37  SCV  
  11  3:40  Marine  
  13  3:50  SCV  
  14  4:02  SCV  
  15  4:04  Command Center  
  15  4:18  Supply Depot  
  15  4:25  Engineering Bay  
  15  4:39  SCV, Marine  
  16  4:50  Factory  
  16  4:55  SCV  
  17  5:04  Marine  
  18  5:07  SCV  
  19  5:18  Orbital Command  
  19  5:20  SCV  
  20  5:25  Barracks Tech Lab  
  20  5:33  Missile Turret  
  20  5:36  Orbital Command, SCV  
  21  5:47  Starport  
  21  5:55  SCV  
  24  6:00  Widow Mine  
  24  6:02  SCV  
  24  6:04  Marine  
  26  6:07  SCV  
  27  6:14  SCV  
  24  6:43  SCV x2  
  24  6:46  Refinery  
  27  6:49  Widow Mine  
  27  6:55  SCV  
  27  6:56  SCV, Marine  
  30  7:06  Command Center  
  30  7:07  Supply Depot  
  30  7:08  SCV  
  31  7:09  Medivac  
  31  7:13  SCV  
  34  7:16  Marine  
  34  7:20  SCV  
  36  7:25  SCV  
  37  7:32  SCV  
  37  7:34  Barracks  
  38  7:37  SCV  
  40  7:44  SCV  
  40  7:49  SCV  
  41  7:52  Supply Depot, Marine  
  41  7:54  Supply Depot  
  41  7:56  SCV  
  41  7:57  Starport Reactor  
  43  8:02  SCV  
  44  8:07  Factory Reactor  
  44  8:08  SCV, Bunker  
  45  8:14  SCV  
  45  8:16  Marine  
  47  8:20  Orbital Command, SCV  
  48  8:43  Marine x2  
  48  8:47  SCV x2  
  47  8:52  Medivac  
  41  8:59  Widow Mine x2  
  41  9:01  Marine x2  
  32  9:22  SCV  
  32  9:23  SCV x2  
  33  9:34  SCV  
  33  9:37  SCV x2  
  36  9:39  Barracks Tech Lab  
  36  9:41  Barracks  
  36  9:46  SCV  
  36  9:49  SCV  
  36  9:50  SCV  
  36  9:52  Marine  
  40  9:59  Marauder, SCV  
  43  10:00  Stimpack  
  43  10:02  SCV  
  44  10:08  SCV  
  42  10:17  Barracks Tech Lab  
  39  10:21  Orbital Command, SCV x2  
  39  10:23  Barracks  
  39  10:24  Barracks  
  41  10:30  Refinery  
  41  10:31  Refinery  
  41  10:32  Barracks Tech Lab  
  41  10:33  SCV x2  
  41  10:35  Marauder  
  45  10:45  SCV x2  
  45  10:48  Marine  
  48  10:51  SCV  
  48  10:54  Supply Depot x3  
  48  10:55  Marauder  
  55  10:57  SCV  
  55  11:03  Widow Mine x2  
  55  11:04  Marine  
  56  11:07  Marauder  
  56  11:11  SCV  
  60  11:13  SCV  
  60  11:15  SCV, Marine  
  60  11:17  Barracks Reactor, Marine  
  64  11:22  Marine  
  64  11:23  SCV  
  66  11:28  Marauder  
  66  11:33  Widow Mine x2  
  66  11:34  Marauder  
  66  11:35  Marine  
  66  11:38  SCV x2  
  66  11:39  Marine  
  72  11:50  Marauder  
  72  11:53  Marine  
  75  11:55  SCV, Marine  
  75  11:56  SCV  
  75  11:58  Marauder  
  75  12:00  Terran Infantry Weapons Level 1  
  84  12:01  Ghost Academy  
  84  12:02  Widow Mine x2  
  84  12:03  SCV  
  84  12:08  Marine x2  
  87  12:10  Marine x2  
  87  12:12  Marine  
  89  12:23  Marine  
  89  12:25  Marine  
  89  12:29  Marauder  
  95  12:30  Widow Mine  
  95  12:31  Marauder  
  92  12:39  Marine x2  
  92  12:42  Marauder  
  95  12:47  Widow Mine  
  95  12:50  Medivac x2  
  82  13:19  Marine  
  72  13:20  Marine  
  72  13:24  SCV  
  72  13:25  Orbital Command  
  77  13:29  SCV  
  80  13:36  Ghost  
  80  13:39  SCV  
  78  13:41  SCV  
  79  13:51  Marauder, Marine  
  79  13:55  Marine x2  
  82  13:58  SCV  
  82  14:02  SCV  
  86  14:07  Marauder  
  88  14:10  SCV  
  81  14:37  Marauder, Marine  
  84  14:46  Marine  
  85  14:57  Marine x2  
  85  14:58  SCV  
  87  15:01  SCV  
  88  15:15  Marine x2  
  88  15:16  Marauder  
  88  15:20  SCV  
  93  15:23  Marauder  
  95  15:37  Marauder, Marine  
  99  15:46  Marine x2  
  99  15:47  Widow Mine  
  99  15:48  Marine  
  90  16:10  Marine x2  
  90  16:11  Marauder x2  
  92  16:13  SCV  
  92  16:24  Marine  
  92  16:25  Marauder  
  89  16:34  Orbital Command  
  64  16:47  Marauder x2, Marine x2  
  64  16:50  Marine x2  
  63  16:57  SCV  
  63  16:58  SCV  
  63  17:01  SCV  
  66  17:06  Marine  
  67  17:11  SCV  
  68  17:16  SCV  
  71  17:25  Widow Mine  
  71  17:28  Marauder x2, Marine x3  
  75  17:50  SCV  
  76  17:52  Marauder x3, Marine x3  
  75  18:09  Marine x2  
  75  18:10  Marine  
  76  18:14  Marauder x2  
  72  18:23  Marine  
  58  18:41  Marine  
  58  18:47  Orbital Command  
  37  19:43  Marine  
  38  19:57  Marine x2  
  14  20:40  Orbital Command  
  14  21:23  SCV  
Show
View Real Time Build Order
Export as new Build Order

TERRAN Protoss - Winner!

Build Orders: Cannon Rush 

Get SALT Encoding   

  12  0:01  Probe (Chrono Boost)  
  13  0:11  Probe (Chrono Boost)  
  14  0:18  Pylon  
  14  0:22  Probe (Chrono Boost)  
  15  0:36  Probe (Chrono Boost)  
  16  0:48  Forge  
  16  0:55  Probe (Chrono Boost)  
  17  1:05  Probe (Chrono Boost)  
  17  1:07  Pylon  
  18  1:16  Pylon  
  18  1:29  Photon Cannon  
  18  1:31  Photon Cannon  
  18  1:38  Photon Cannon  
  18  1:45  Pylon  
  18  1:57  Pylon  
  18  2:05  Photon Cannon x2  
  17  2:16  Photon Cannon  
  16  3:07  Probe (Chrono Boost)  
  16  3:09  Assimilator  
  16  3:12  Assimilator  
  17  3:15  Gateway  
  17  3:18  Probe (Chrono Boost)  
  18  3:23  Nexus  
  18  3:25  Pylon  
  18  3:28  Probe (Chrono Boost)  
  19  3:39  Probe (Chrono Boost)  
  20  3:49  Probe (Chrono Boost)  
  20  3:50  Gateway x2  
  21  3:55  Photon Cannon  
  21  4:04  Photon Cannon  
  20  4:15  Cybernetics Core  
  20  4:21  Probe (Chrono Boost)  
  21  4:32  Probe (Chrono Boost)  
  21  4:36  Probe (Chrono Boost), Pylon  
  23  4:47  Probe (Chrono Boost)  
  23  4:49  Probe (Chrono Boost)  
  25  4:58  Probe (Chrono Boost)  
  27  5:00  Probe (Chrono Boost)  
  27  5:02  Adept x2  
  27  5:06  Adept  
  33  5:10  Probe (Chrono Boost)  
  34  5:15  Probe (Chrono Boost)  
  34  5:20  Probe (Chrono Boost)  
  36  5:21  Warp Gate  
  36  5:26  Probe (Chrono Boost)  
  37  5:32  Twilight Council  
  37  5:38  Pylon  
  37  5:42  Probe (Chrono Boost)  
  39  5:43  Probe (Chrono Boost)  
  39  5:47  Stalker  
  39  5:48  Stalker  
  43  5:53  Assimilator  
  43  5:58  Assimilator  
  43  5:59  Probe (Chrono Boost)  
  43  6:00  Probe (Chrono Boost)  
  45  6:06  Photon Cannon  
  45  6:10  Probe (Chrono Boost)  
  46  6:12  Blink (Chrono Boost)  
  46  6:16  Stalker  
  44  6:43  Stalker  
  44  6:46  Stalker  
  46  6:51  Stalker  
  48  6:58  Robotics Facility  
  48  6:59  Probe (Chrono Boost)  
  48  7:00  Probe (Chrono Boost), Pylon  
  50  7:09  Probe (Chrono Boost), Mothership Core (Chrono Boost)  
  50  7:14  Pylon  
  53  7:19  Probe  
  54  7:24  Pylon  
  54  7:30  Gateway  
  54  7:33  Probe, Gateway  
  54  7:34  Probe  
  54  7:35  Gateway  
  56  7:39  Stalker x3  
  62  7:45  Probe  
  62  7:46  Probe  
  62  7:50  Pylon  
  64  7:53  Templar Archives  
  64  7:55  Observer  
  66  7:58  Probe  
  66  8:21  Immortal  
  66  8:26  Adept x2  
  72  8:36  Photon Cannon  
  72  8:37  Nexus  
  61  9:27  Stalker x3  
  61  9:28  Stalker  
  61  9:29  Stalker  
  69  9:40  Psionic Storm  
  69  9:43  Pylon  
  69  9:46  Mothership Core  
  69  9:50  High Templar  
  69  9:51  High Templar  
  75  9:55  Probe  
  75  9:59  Probe  
  76  10:05  Probe  
  76  10:06  Stalker x2  
  82  10:10  Warp Prism, Probe  
  85  10:27  Probe  
  85  10:31  Assimilator  
  86  10:36  Assimilator  
  86  10:37  Probe  
  85  11:04  Mothership Core  
  87  11:06  Adept x4  
  87  11:07  Probe  
  96  11:18  Probe  
  97  11:39  Probe  
  98  11:50  Probe  
  99  11:55  Adept x6  
  99  11:58  Nexus  
  99  11:59  Pylon  
  99  12:01  Pylon  
  60  13:22  Stalker x4  
  60  13:23  Stalker x2  
  60  13:26  Immortal  
  71  13:28  Probe  
  71  13:33  Pylon  
  72  13:34  Pylon  
  72  13:38  Gateway  
  72  13:40  Probe  
  73  13:41  Robotics Facility  
  73  13:46  Adept x2  
  73  13:47  Adept x4  
  85  13:52  Probe  
  84  13:56  Probe  
  85  14:06  Immortal  
  85  14:07  Probe  
  90  14:17  Probe  
  90  14:19  Stalker x2  
  90  14:20  Stalker x3  
  90  14:21  Stalker  
  101  14:28  Probe  
  90  14:38  Probe  
  90  14:44  Stalker x5  
  95  14:57  Probe  
  87  15:06  Stargate  
  87  15:07  Immortal, Probe, Stargate  
  87  15:11  Adept x4  
  87  15:12  Stargate  
  104  15:16  Observer  
  104  15:18  Probe  
  104  15:20  Photon Cannon  
  102  15:24  Assimilator  
  101  15:28  Assimilator  
  101  15:29  Probe  
  101  15:32  Adept x3  
  101  15:33  Adept x2  
  112  15:39  Probe  
  112  15:41  Photon Cannon  
  113  15:42  Photon Cannon  
  113  15:46  Immortal  
  113  15:47  Photon Cannon  
  113  15:48  Pylon  
  115  16:08  High Templar x5  
  68  16:59  Stalker x5  
  68  17:00  Probe  
  79  17:11  Probe  
  80  17:21  Probe  
  80  17:22  Pylon  
  80  17:24  Stalker x3  
  80  17:25  Stalker x2  
  90  17:32  Probe  
  91  17:42  Probe  
  90  17:51  Stalker x2  
  90  17:52  Stalker x3  
  84  19:57  Observer x2  
  53  20:52  High Templar  
Tags
 
Add a new tag
Caveats
  • Supply blocks, unpowered buildings, or Contaminate may cause inaccurate times.
  • Supply counts are checked every 10 seconds.